 Dungeon Crawl Stone Soup version 0.32-a0-791-gfc315c9ecd (webtiles) character file.

Game seed: 8807959847342050609

392 Xavori the Trooper (level 7, -11/51 HPs)
             Began as a Djinni Chaos Knight on Mar 20, 2024.
             Was a Plaything of Xom.
             Mangled by a warg (15 damage)
             ... on level 3 of the Dungeon.
             The game lasted 00:03:41 (6777 turns).

Xavori the Trooper (Djinni Chaos Knight)            Turns: 6777, Time: 00:03:41

Health: -11/51     AC: 10    Str:  9    XL:     7   Next: 8%
Gold:   187        EV: 12    Int: 13    God:    Xom [.*....] SH:  0 Dex: 17

rFire   + + .        a - +0 falchion (chaos)
rCold   x . .        (no shield)
rNeg    . . .        b - +2 leather armour
rPois   ∞            h - +0 helmet
rElec   .            (no cloak)
rCorr   .            (no gloves)
SInv    .            (boots unavailable)
Will    .....        f - amulet of faith
Stlth   +++          q - ring of wizardry
HPRegen 1.08/turn    p - +4 ring of protection
MPRegen 0.00/turn

%: clarity, faith, wizardry (x1), infuse magic (-12 HP)
@: flying
A: sickness immunity, fire resistance 2, cold vulnerability 1, float, innate
caster, HP casting, extra vitality 1, iridescent scales 1, thin skeletal
structure 1, camouflage 1, clarity, deformed body, regeneration 1, weak 1, wild
magic 2
a: Renounce Religion


You were on level 3 of the Dungeon.
You worshipped Xom.
You were a plaything of Xom.
You visited 1 branch of the dungeon, and saw 3 of its levels.

You collected 187 gold pieces.

Inventory:

Hand Weapons
 a - a +0 falchion of chaos (weapon)
Armour
 b - a +2 leather armour (worn)
 h - a +0 helmet (worn)
Jewellery
 f - an amulet of faith (around neck)
 j - a ring of protection from fire
 p - a +4 ring of protection (right hand)
 q - a ring of wizardry (left hand)
Wands
 i - a wand of quicksilver (6)
 o - a wand of warping (11)
Scrolls
 c - a scroll of butterflies
 d - 2 scrolls of identify {unknown}
 e - 2 scrolls of noise {unknown}
 g - a scroll of fear
 r - a scroll of blinking {unknown}
Potions
 k - 2 potions of brilliance {unknown}
 l - a potion of cancellation {unknown}
 m - a potion of magic {unknown}
 n - a potion of heal wounds


   Skills:
 + Level 3.9 Fighting
 + Level 3.5 Long Blades
 + Level 2.6 Armour
 + Level 3.5 Dodging
 * Level 2.4 Spellcasting
 * Level 2.4 Conjurations
 * Level 2.4 Hexes
   Level 0.0 Charms
 * Level 2.4 Summonings
 * Level 2.4 Necromancy
 * Level 2.4 Translocations
   Level 0.0 Transmutations
 * Level 2.4 Fire Magic
 * Level 2.4 Ice Magic
 * Level 2.4 Air Magic
 * Level 2.4 Earth Magic
 * Level 2.4 Alchemy
 + Level 1.6 Evocations


You knew the following spells:

 Your Spells              Type           Power      Damage    Failure   Level
a - Magic Dart            Conj           48%        1d5       10%         1
b - Scorch                Fire           24%        2d6       14%         2
c - Inner Flame           Hex/Fire       12%        N/A       26%         3
Your spell library was empty.

Dungeon Overview and Level Annotations

Branches:
Dungeon (3/15)

Altars:
Makhleb
Xom


Innate Abilities, Weirdness & Mutations

You are immune to sickness and miasma.
You are immune to poison.
Your flesh is very heat resistant. (rF++)
You are vulnerable to cold. (rC-)
You float through the air rather than walking.
You learn spells naturally, not from books.
Your magical power is your life essence.
You have superior vitality. (+4 MHP)
You are partially covered in iridescent scales. (AC +2)
You have a somewhat thin skeletal structure. (Dex +2, Stealth+)
Your skin changes colour to match your surroundings (Stealth+).
You possess an exceptional clarity of mind.
Armour fits poorly on your strangely shaped body.
Your natural rate of healing is unusually fast.
You are weak. (Str -2)
Your spells are harder to cast, but more powerful.


Message History

"This might be better!"
The adder evaporates and reforms as a warg!
A warg is nearby!
The helpless warg fails to defend itself.
You hit the warg but do no damage. The warg bites you!
You emit a cloud of colourful smoke!
A warg is nearby!
You barely miss the warg. The warg closely misses you. The warg bites you.
You hit the warg. You freeze the warg.
The warg is lightly wounded.
The warg bites you but does no damage. The warg bites you!
Unknown command.
You are too injured to fight recklessly!
Unknown command.
Aiming: Quicksilver Bolt
Press: ? - help, Shift-Dir - straight line, f - warg
Aim: a warg (magical condensation, lightly wounded, 64% to hit)
The bolt of dispelling energy hits the warg!
The warg is heavily wounded.
The warg bites you but does no damage.
Unknown command.
Aiming: Quicksilver Bolt
Press: ? - help, Shift-Dir - straight line, f/p - warg
Aim: a warg (magical condensation, heavily wounded, 64% to hit)
The bolt of dispelling energy hits the warg!
The warg is severely wounded.
The warg bites you. The warg completely misses you.
You hit the warg but do no damage.
The warg is severely wounded.
The warg misses you.
You hit the warg but do no damage.
The warg seems to speed up.
The warg is severely wounded.
The warg bites you. The warg closely misses you. The warg bites you!!
* * * LOW HITPOINT WARNING * * *
A shower of butterflies erupts from you!
You closely miss the warg.
The warg is severely wounded.
The warg bites you!
You die...
Xom is highly amused!

# #<##.###.## #.#.##.# ###
###...(..# #.......###
#.###.....# #..###.# # #..#
#.# #b###§###.# ...
#§h@bb§...# ...
#######...$....# #..#####.#
# ## ######## #..#####.# ##
.# #......# #..##.>..# ##.
.# ######.####.#
#...#.##.###.. .###
#.......###.####............
...#
#.#.<:.........###.....###..
.#.###.##.#.........#
##.##.# ##.


You could see a warg (fast, ally target).

Vanquished Creatures
  Sigmund (D:2)
  Jessica (D:2)
  2 orc wizards (D:3)
  An iguana (D:3)
  Robin (D:1)
  3 adders
  4 dart slugs
  A ribbon worm (D:2)
  3 orcs (D:3)
  9 ball pythons
  6 bats
  5 endoplasms
  5 giant cockroaches
  11 goblins
  7 hobgoblins
  3 jackals (D:1)
  4 quokkas
  A frilled lizard (D:1)
  6 kobolds
  8 rats
82 creatures vanquished.

Notes
Turn   | Place    | Note
-------+----------+-------------------------------------------
     0 | D:1      | Xavori the Djinni Chaos Knight began the quest for the Orb.
     0 | D:1      | Reached XP level 1. HP: 20/20 MP: 0/0
   137 | D:1      | Reached XP level 2. HP: 25/25 MP: 0/0
   284 | D:1      | Found a faded altar of an unknown god.
   294 | D:1      | XOM: potion effect (invisibility)
   310 | D:1      | XOM: divination: magic mapping
   324 | D:1      | XOM: silly message
   380 | D:1      | Reached skill level 1 in Spellcasting
   380 | D:1      | Reached skill level 1 in Conjurations
   380 | D:1      | Reached skill level 1 in Hexes
   380 | D:1      | Reached skill level 1 in Summonings
   380 | D:1      | Reached skill level 1 in Necromancy
   380 | D:1      | Reached skill level 1 in Translocations
   380 | D:1      | Reached skill level 1 in Fire Magic
   380 | D:1      | Reached skill level 1 in Ice Magic
   380 | D:1      | Reached skill level 1 in Air Magic
   380 | D:1      | Reached skill level 1 in Earth Magic
   380 | D:1      | Reached skill level 1 in Alchemy
   380 | D:1      | Reached XP level 3. HP: 30/30 MP: 0/0
   380 | D:1      | Learned a level 1 spell: Magic Dart
   566 | D:1      | XOM: divination: detect creatures
   612 | D:1      | XOM: god gift: scale mail {god gift}
   641 | D:2      | Noticed Robin
   641 | D:2      | XOM: potion effect (attraction)
   644 | D:1      | XOM: smoke on damage
   669 | D:1      | XOM: silly message
   672 | D:1      | Killed Robin
   673 | D:1      | Reached XP level 4. HP: 9/35 MP: 0/0
   719 | D:1      | XOM: god gift: scroll labelled TEIMIE UNAS {god gift}
  1047 | D:1      | XOM: god gift: staff of fire
  1144 | D:1      | XOM: cloud trail
  1522 | D:1      | XOM: scenery: create altars
  1579 | D:1      | XOM: give mutations
  1579 | D:1      | Gained mutation: A frigid envelope surrounds you and
                  | freezes all who hurt you. [Xom's grace]
  1579 | D:1      | Gained mutation: You are somewhat resistant to further
                  | mutation. [Xom's grace]
  1579 | D:1      | Gained mutation: You have a somewhat thin skeletal
                  | structure. (Dex +2, Stealth+) [Xom's grace]
  1579 | D:1      | Gained mutation: You possess an exceptional clarity of
                  | mind. [Xom's grace]
  1598 | D:1      | XOM: scenery: create altars
  1841 | D:1      | XOM: cloud trail
  2160 | D:1      | XOM: god gift: short silver wand {god gift}
  2222 | D:1      | XOM: scenery: create altars
  2331 | D:1      | XOM: give mutation
  2331 | D:1      | Gained mutation: Your spells are a little harder to cast,
                  | but a little more powerful. [Xom's grace]
  2635 | D:1      | XOM: give mutations
  2635 | D:1      | Gained mutation: You passively map a small area around you.
                  | [Xom's grace]
  2635 | D:1      | Gained mutation: Your skin changes colour to match your
                  | surroundings (Stealth+). [Xom's grace]
  2635 | D:1      | Gained mutation: Your spells are harder to cast, but more
                  | powerful. [Xom's grace]
  4155 | D:1      | XOM: give mutations
  4155 | D:1      | Lost mutation: You are somewhat resistant to further
                  | mutation. [Xom's mischief]
  4155 | D:1      | Lost mutation: You passively map a small area around you.
                  | [Xom's mischief]
  4336 | D:1      | XOM: give mutations
  4336 | D:1      | Lost mutation: A frigid envelope surrounds you and freezes
                  | all who hurt you. [Xom's mischief]
  4336 | D:1      | Gained mutation: You are partially covered in iridescent
                  | scales. (AC +2) [Xom's mischief]
  4336 | D:1      | Gained mutation: Armour fits poorly on your strangely
                  | shaped body. [Xom's mischief]
  4336 | D:1      | Gained mutation: You are weak. (Str -2) [Xom's mischief]
  4493 | D:1      | XOM: silly message
  5458 | D:1      | XOM: give mutation
  5458 | D:1      | Gained mutation: Your natural rate of healing is unusually
                  | fast. [Xom's mischief]
  5486 | D:1      | XOM: smoke on damage
  5519 | D:2      | XOM: 2-stop teleportation journey
  5839 | D:2      | Reached XP level 5. HP: 40/40 MP: 0/0
  5839 | D:2      | Learned a level 2 spell: Scorch
  6059 | D:2      | Noticed Sigmund
  6059 | D:2      | XOM: 4-stop teleportation journey
  6142 | D:2      | Noticed Jessica
  6146 | D:2      | Killed Jessica
  6241 | D:2      | XOM: potion effect (invisibility)
  6245 | D:2      | Killed Sigmund
  6246 | D:2      | Reached skill level 1 in Evocations
  6246 | D:2      | Reached XP level 6. HP: 46/47 MP: 0/0
  6289 | D:3      | Found a burning altar of Makhleb.
  6320 | D:3      | XOM: noise
  6480 | D:3      | XOM: god gift: wand of quicksilver (2)
  6610 | D:3      | Reached XP level 7. HP: 39/51 MP: 0/0
  6610 | D:3      | Learned a level 3 spell: Inner Flame
  6767 | D:3      | an adder changed into a warg
  6767 | D:3      | Noticed a warg
  6767 | D:3      | XOM: polymorph adder -> warg
  6770 | D:3      | XOM: smoke on damage
  6776 | D:3      | XOM: butterfly on damage
  6777 | D:3      | Mangled by a warg

Illustrated notes

Levels and vault maps discovered:
D:1:      wander_arrival_estate, layout_basic,
          shapermc_ecumenical_altar_totnotflames
D:2:      layout_basic, uniq_jessica, uniq_robin, uniq_sigmund
D:3:      layout_loops_cross, bloody_makhleb, mainiacjoe_overflow_alcove_4,
          nrook_uturn

Skill      XL: |  1  2  3  4  5 |
---------------+----------------+-----
Spellcasting   | 1 2 |  2.4
Conjurations   | 1 2 |  2.4
Hexes          | 1 2 |  2.4
Summonings     | 1 2 |  2.4
Necromancy     | 1 2 |  2.4
Translocations | 1 2 |  2.4
Fire Magic     | 1 2 |  2.4
Ice Magic      | 1 2 |  2.4
Air Magic      | 1 2 |  2.4
Earth Magic    | 1 2 |  2.4
Alchemy        | 1 2 |  2.4
Long Blades    | 3 |  3.5
Armour         | 2 |  2.6
Dodging        | 3 |  3.5
Evocations     | 1 |  1.6
Fighting       | |  3.9

Action                     |  1- 3 |  4- 6 |  7- 9 || total
---------------------------+-------+-------+-------++-------
  Melee: Falchion          |   103 |   119 |    20 ||   242
  Evoke: Wand              |       |       |     2 ||     2
    Use: Potion            |     1 |       |       ||     1
         Scroll            |       |     1 |       ||     1
   Stab: Invisible         |     3 |       |       ||     3
         Sleeping          |     2 |    10 |     1 ||    13
 Armour: Leather armour    |    81 |   105 |    18 ||   204
  Dodge: Dodged            |    93 |   111 |     7 ||   211

Table legend: (Time is in decaauts)
 A = Elapsed time spent in this place.
 B = Non-inter-level travel time spent in this place.
 C = Inter-level travel time spent in this place.
 D = Time resting spent in this place.
 E = Time spent auto-exploring this place.
 F = Levels seen in this place.
 G = Mean time per level.
                   A        B        C        D        E       F      G
               +--------+--------+--------+--------+--------+-----+--------+
         Total |   6813 |   6744 |     69 |   4786 |   1366 |   3 | 2271.0 |
       Dungeon |   6813 |   6744 |     69 |   4786 |   1366 |   3 | 2271.0 |
               +--------+--------+--------+--------+--------+-----+--------+

Top non-repeatable levels by time:
     D:1: 5515 daAuts
     D:2: 785 daAuts
     D:3: 512 daAuts
